 Dungeon Crawl Stone Soup version 0.20-a0-705-gbe8799e (webtiles) character file.

6 M4edhros the Charlatan (level 1, -3/13 HPs)
             Began as an Octopode Artificer on Feb 21, 2017.
             Slain by a goblin (4 damage)
             ... on level 2 of the Dungeon.
             The game lasted 00:00:10 (140 turns).

M4edhros the Charlatan (Octopode Artificer)          Turns: 140, Time: 00:00:11

Health: -3/13      AC:  1    Str: 11    XL:     1   Next: 90%
Magic:  3/3        EV: 10    Int: 13    God:
Gold:   12         SH:  0    Dex: 12    Spells: 0/0 levels left

rFire    . . .     SeeInvis .   a - +0 short sword
rCold    . . .     Gourm    .   (no shield)
rNeg     . . .     Faith    .   (helmet restricted)
rPois    .         Spirit   .   (no amulet)
rElec    .         Reflect  .   (no ring)
rCorr    .         Harm     .   (no ring)
MR       .....                  (no ring)
Stlth    +++.......             (no ring)
Regen    0.1/turn               (no ring)
MPRegen  0.1/turn               (no ring)
                                (no ring)
                                (no ring)

@: constricted
A: almost no armour, stealthy swim, amphibious, 8 rings, constrict 8, camouflage
1, gelatinous body 1
a: no special abilities


You were on level 2 of the Dungeon.
You were not hungry.

You visited 1 branch of the dungeon, and saw 2 of its levels.

You collected 12 gold pieces.

Inventory:

Hand Weapons
 a - a +0 short sword (weapon)
Wands
 b - a wand of flame (15/48)
 c - a wand of enslavement (15/24)
 d - a wand of random effects (15/48)
Scrolls
 e - 3 scrolls of remove curse {unknown}
Potions
 g - 2 potions of mutation {unknown}
 h - a potion of heal wounds {unknown}
 i - a potion of flight {unknown}
Comestibles
 f - 2 bread rations


   Skills:
 - Level 1.0 Fighting
 - Level 1.0 Short Blades
 - Level 2.0 Dodging
 + Level 2.7 Stealth
 - Level 3.2 Evocations


You couldn't memorise any spells.
You didn't know any spells.

Dungeon Overview and Level Annotations

Branches:
Dungeon (2/15)

Altars:


Innate Abilities, Weirdness & Mutations

You cannot wear most types of armour.
You are very stealthy in the water. (Stealth+)
You are amphibious.
You can wear up to eight rings at the same time.
You can use your tentacles to constrict eight enemies at once.
Your skin changes colour to match your surroundings (Stealth+).
Your rubbery body absorbs attacks. (AC +1, EV +1)


Message History

The goblin completely misses you. The goblin hits you.
The goblin barely misses you.
You hit the goblin but do no damage. You grab the goblin.
Your squeeze misses the goblin. You constrict the goblin.
The goblin closely misses you. The goblin hits you but does no damage.
You hit the goblin but do no damage. Your grab misses the goblin.
You constrict the goblin.
You kill the goblin!
The goblin closely misses you. The ball python closely misses you.
The ball python barely misses you.
You closely miss the goblin. You grab the goblin. You constrict the goblin.
The ball python completely misses you. The ball python grabs you.
The ball python constricts you. The goblin hits you.
* * * LOW HITPOINT WARNING * * *
You hit the ball python. Your grab misses the ball python.
The ball python is severely wounded.
You constrict the goblin. The ball python barely misses you.
* * * LOW HITPOINT WARNING * * *
The ball python constricts you. The goblin hits you.
You die...

#..........#
#..........#
#..........#
#..........# #........#
##........#####
##.....).......#########
......)@........<.......
......=gS......#########
............####
............#
.#.......#### .........#
.........≈ ........≈≈


You could see a goblin and a ball python.

Vanquished Creatures
  2 hobgoblins
  2 goblins (D:2)
  A kobold (D:1)
  2 rats
7 creatures vanquished.

Notes
Turn   | Place    | Note
-------+----------+-------------------------------------------
     0 | D:1      | M4edhros the Octopode Artificer began the quest for the Orb.
     0 | D:1      | Reached XP level 1. HP: 13/13 MP: 3/3
   140 | D:2      | Slain by a goblin

Vault maps used:
D:1:      matt_arrival_grand_opening, minmay_misc_feat_plants,
          roderic_lattice_a, minmay_parallelograms, minivault_5
D:2:      kennysheep_slug_shrine, lemuel_doored_altar, tgw_xom,
          lightli_temple_of_fire

Skill      XL: |  1 |
---------------+----+-----
Stealth        | 2 |  2.7
Fighting       | |  1.0
Short Blades   | |  1.0
Dodging        | |  2.0
Evocations     | |  3.2

Action                   || total
-------------------------++-------
Melee: Short sword       ||    14
       Constrict         ||     6
       Tentacles         ||     2
 Stab: Sleeping          ||     1
Armor: Skin              ||     1
Dodge: Dodged            ||    14
